 Dungeon Sprint DCSS version 0.28.0-47-ge53b351184 (webtiles) character file.

Game seed: 16811794496200095236

4381 Groucho the Unseen (level 10, -1/44 HPs)
             Began as a Spriggan Enchanter on Apr 30, 2022.
             Was a Believer of Dithmenos.
             Engulfed by a death drake's foul pestilence (8 damage)
             ... in the Dungeon (Sprint II: "The Violet Keep of Menkaure").
             The game lasted 00:07:43 (814 turns).

Groucho the Unseen (Spriggan Enchanter)              Turns: 814, Time: 00:07:44

Health: -1/44      AC:  2    Str:  8    XL:     10   Next: 13%
Magic:  24/28      EV: 30    Int: 18    God:    Dithmenos [**....]
Gold:   9          SH:  0    Dex: 15    Spells: 24/35 levels left

rFire   . . .      SeeInvis +   a - +1 dagger
rCold   . . .      Faith    .   (no shield)
rNeg    . . .      Spirit   .   b - +0 robe
rPois   +          Reflect  .   (helmet restricted)
rElec   .          Harm     .   (no cloak)
rCorr   .          Rampage  .   (gloves unavailable)
Will    +....      NoTele   +   (boots unavailable)
Stlth   +++++++++.              (no amulet)
HPRegen 0.14/turn               f - +4 ring of evasion
MPRegen 0.21/turn               k - ring of poison resistance

@: lethally poisoned (-1 -> -25), slowed, wreathed by umbra, quick
A: very small, no large weapons, unfitting armour, see invisible, speed 3
a: Renounce Religion, Shadow Step


You were in the Dungeon.
You worshipped Dithmenos.
Dithmenos was pleased with you.
You visited 1 branch You collected 1220 gold pieces.
You spent 1211 gold pieces at shops.

Inventory:

Hand Weapons
 a - a +1 dagger (weapon)
Armour
 b - a +0 robe (worn)
 c - a +0 cloak of preservation
Jewellery
 f - a +4 ring of evasion (left hand)
 k - a ring of poison resistance (right hand)
Scrolls
 l - a scroll of identify {unknown}
Potions
 e - 3 potions of flight
 g - 2 potions of magic
 h - a potion of berserk rage
 j - 2 potions of invisibility


   Skills:
 + Level 11.9 Short Blades
 + Level 14.2 Dodging
 + Level 16.9 Stealth
 + Level 13.1 Spellcasting
 + Level 13.3 Hexes


You had 24 spell levels left.
You knew the following spells:

 Your Spells              Type           Power      Damage    Failure   Level
a - Confusing Touch       Hex            56%        N/A       1%          3
b - Ensorcelled Hibernat  Hex/Ice        70%        N/A       1%          2
c - Dazzling Flash        Conj/Hex       70%        N/A       1%          3
d - Tukima's Dance        Hex            56%        N/A       1%          3

Your spell library contained the following spells:

 Spells                   Type           Power      Damage    Failure   Level


Dungeon Overview and Level Annotations

Branches:
Dungeon (1/1)

Altars:
Cheibriados
Dithmenos
Elyvilon
Fedhas
Gozag
Hepliaklqana
Kikubaaqudgha
Makhleb
Nemelex Xobeh
Okawaru
Qazlal
Ru
Sif Muna
Trog
Uskayaw
Vehumet
Wu Jian
Xom
Yredelemnul
Zin
The Shining One
Beogh
Jiyva
Lugonu

Shops:
D !=::([=*(?!?:([

Annotations:
D exclusion: oklob plant


Innate Abilities, Weirdness & Mutations

You are very small and have problems with some larger weapons.
You are too small for most types of armour.
You have supernaturally acute eyesight. (SInv)
You cover ground extremely quickly. (Speed+++)


Message History

Aiming: Shadow Step
Press: ? - help, Dir - move target, f - swamp drake
Aim: a swamp drake (asleep, umbra)
You step into the swamp drake's shadow.
A death drake, a crystal guardian and a swamp drake come into view.
You will no longer bleed smoke.
The death drake hisses angrily. x2
The swamp drake bites you.
Found 3 potions of flight.
Unknown command.
Really walk into a travel-excluded area?
The death drake breathes miasma at you. The foul vapour engulfs you!
You are poisoned.
You enter the shallow water.
Moving in this stuff is going to be slow.
You are engulfed in dark miasma.
You feel yourself slow down.
* * * LOW HITPOINT WARNING * * *
You feel extremely sick.
Blink to where?
Press: ? - help, Dir - move target
As you read the scroll of blinking, it crumbles to dust.
* * * LOW HITPOINT WARNING * * *
You feel very sick.
You feel better.
Okay, then.
Casting: Ensorcelled Hibernation (safe; 1% risk of failure)
Confirm with . or Enter, or press ? or * to list all spells.
Aiming: Ensorcelled Hibernation (safe; 1% risk of failure)
Press: ? - help, Shift-Dir - straight line, f - death drake
Aim: a death drake (wandering, hasn't noticed you, chance to affect: 46%)
The death drake resists with some effort.
You are engulfed in a cloud of scalding steam.
* * * LOW HITPOINT WARNING * * *
The death drake breathes miasma at you. The foul vapour misses you.
Unknown command.
You are engulfed in dark miasma.
You are lethally poisoned!
You die...

#≈≈≈.... ... ..#9.# #≈≈≈≈.##+##..
####.#.k#
#≈≈≈≈##.).##.####.††.##k#
#≈≈≈≈#..#..#....#[.#...####
#≈≈####...####..#####.°##.#▓!(!?(
#≈##.###'###.##..#.|'.k#.)#▓!!:($
#≈#.#.##.##...#..#†.#.°#.†#▓(:$($
†≈'###'.<.'###'°.####°☼##†#▓(!)(!
#≈#.#.##.##...#°@°.###...##▓▓▓▓▓▓
#≈##.###'###.##°°°°°○k≈≈≈≈≈≈≈≈≈§≈
#≈≈#####..####°≈°§§.÷≈#'########'
##≈≈≈#.##..#≈≈≈≈°°§..≈#.._._._.#≈
#+#≈##.#.##≈≈≈≈≈§§≈.≈#._._._..#≈
##.#≈≈##+##≈≈≈§§≈≈≈≈≈≈#_._._._.#≈
§####≈≈≈≈≈≈≈≈§§≈§§§≈≈≈#._._._._#§
§ #+++#+++#≈≈§§≈§≈§≈#.._._._.#§
§§≈ ##§§§###≈§#..._._._#≈


You could see a death drake (catching breath).

Vanquished Creatures
  2 boulder beetles (D)
  A death yak (D)
  A merfolk siren (D)
  2 cane toads (D)
  A yaktaur (D)
  3 polar bears (D)
  A hornet (D)
  2 wyverns (D)
  Menkaure (D)
  2 water moccasins (D)
  A scorpion (D)
  3 worms (D)
20 creatures vanquished.

Notes
Turn   | Place    | Note
-------+----------+-------------------------------------------
     0 | D        | Groucho the Spriggan Enchanter began the quest for the Orb.
     0 | D        | Reached XP level 1. HP: 9/9 MP: 5/5
     3 | D        | Noticed a wyvern
     3 | D        | Noticed a wyvern
    12 | D        | Reached skill level 5 in Stealth
    13 | D        | Noticed a flying skull
    13 | D        | Noticed a flying skull
    14 | D        | Noticed a flying skull
    14 | D        | Noticed a flying skull
    14 | D        | Noticed a flying skull
    16 | D        | Noticed a flying skull
    17 | D        | Reached XP level 2. HP: 13/13 MP: 5/7
    17 | D        | Noticed a flying skull
    17 | D        | Noticed a flying skull
    17 | D        | Noticed a flying skull
    17 | D        | Noticed a flying skull
    17 | D        | Noticed a flying skull
    26 | D        | Noticed a merfolk siren
    45 | D        | Killed a merfolk siren
    46 | D        | Reached skill level 10 in Stealth
    46 | D        | Reached XP level 3. HP: 12/16 MP: 7/13
    46 | D        | Reached XP level 4. HP: 16/21 MP: 7/14
    46 | D        | Reached XP level 5. HP: 18/24 MP: 8/16
    46 | D        | Reached XP level 6. HP: 21/28 MP: 8/17
    65 | D        | Noticed a boulder beetle
    65 | D        | Noticed a boulder beetle
    77 | D        | Killed a boulder beetle
    78 | D        | Reached skill level 10 in Dodging
    78 | D        | Reached skill level 12 in Stealth
    78 | D        | Reached skill level 10 in Hexes
    78 | D        | Reached XP level 7. HP: 26/32 MP: 12/21
    81 | D        | Killed a boulder beetle
    82 | D        | Reached skill level 13 in Stealth
    82 | D        | Reached skill level 10 in Spellcasting
    82 | D        | Reached XP level 8. HP: 30/36 MP: 12/23
    93 | D        | Reached skill level 14 in Stealth
    99 | D        | Found Neshuod's Book Shoppe.
    99 | D        | Found Wevuefuu's Antique Weapon Shoppe.
    99 | D        | Found Paleutur's Distillery.
    99 | D        | Found Iphit's Magic Scroll Emporium.
    99 | D        | Found Qouh Nien's Magic Scroll Shoppe.
   100 | D        | Found Keabas's Antique Weapon Shoppe.
   100 | D        | Found Maushrid's Assorted Antiques.
   249 | D        | Found Tischedyw's Jewellery Shoppe.
   249 | D        | Found Ucsuofed's Antique Armour Emporium.
   249 | D        | Found Huuchyamawn's Antique Armour Emporium.
   249 | D        | Noticed a shining eye
   249 | D        | Noticed a shining eye
   254 | D        | Found Tumom's Antique Weapon Shoppe.
   254 | D        | Found Muladd's Book Emporium.
   254 | D        | Noticed a shining eye
   254 | D        | Noticed an oklob plant
   255 | D        | Found Gimoe's Jewellery Shoppe.
   255 | D        | Found Hikhlelai's Distillery.
   255 | D        | Found Nuvan's Book Shoppe.
   256 | D        | Bought an embroidered cloak for 225 gold pieces
   256 | D        | Noticed an iron elemental
   274 | D        | Bought a +4 ring of evasion for 396 gold pieces
   307 | D        | Found a hazy altar of Hepliaklqana.
   307 | D        | Found a snail-covered altar of Cheibriados.
   308 | D        | Found a stormy altar of Qazlal.
   308 | D        | Found a viscous altar of Jiyva.
   308 | D        | Found a shadowy altar of Dithmenos.
   309 | D        | Found a sacrificial altar of Ru.
   309 | D        | Found an ancient bone altar of Kikubaaqudgha.
   309 | D        | Found a white marble altar of Elyvilon.
   310 | D        | Found an ornate altar of the Wu Jian Council.
   310 | D        | Found a shimmering blue altar of Sif Muna.
   310 | D        | Found a corrupted altar of Lugonu.
   310 | D        | Noticed Menkaure
   328 | D        | Learned a level 3 spell: Confusing Touch
   331 | D        | Learned a level 2 spell: Ensorcelled Hibernation
   335 | D        | Learned a level 3 spell: Dazzling Flash
   339 | D        | Learned a level 3 spell: Tukima's Dance
   347 | D        | Killed Menkaure
   348 | D        | Reached skill level 10 in Short Blades
   348 | D        | Reached XP level 9. HP: 39/39 MP: 21/25
   565 | D        | Found a shimmering altar of Xom.
   565 | D        | Found a bloodstained altar of Trog.
   565 | D        | Found a burning altar of Makhleb.
   566 | D        | Found a glowing golden altar of the Shining One.
   566 | D        | Found a basalt altar of Yredelemnul.
   566 | D        | Found a hide-covered altar of Uskayaw.
   568 | D        | Found a glowing silver altar of Zin.
   568 | D        | Found a radiant altar of Vehumet.
   568 | D        | Found a blossoming altar of Fedhas.
   568 | D        | Found a sparkling altar of Nemelex Xobeh.
   568 | D        | Noticed a polar bear
   569 | D        | Found an opulent altar of Gozag.
   569 | D        | Found an iron altar of Okawaru.
   569 | D        | Noticed a yaktaur
   578 | D        | Became a worshipper of Dithmenos the Shadowed
   589 | D        | Noticed a polar bear
   589 | D        | Noticed a polar bear
   590 | D        | Killed a polar bear
   591 | D        | Killed a polar bear
   592 | D        | Reached skill level 15 in Stealth
   597 | D        | Reached * piety under Dithmenos
   602 | D        | Killed a polar bear
   607 | D        | Killed a yaktaur
   620 | D        | Noticed a death yak
   622 | D        | Killed a death yak
   622 | D        | Reached ** piety under Dithmenos
   623 | D        | Reached skill level 16 in Stealth
   631 | D        | Noticed a cane toad
   632 | D        | Noticed a cane toad
   635 | D        | Killed a cane toad
   636 | D        | Reached XP level 10. HP: 32/44 MP: 20/27
   638 | D        | Killed a cane toad
   751 | D        | Bought 3 potions of flight for 126 gold pieces
   751 | D        | Bought 2 potions of invisibility for 224 gold pieces
   753 | D        | Bought a ring of poison resistance for 240 gold pieces
   768 | D        | Reached *** piety under Dithmenos
   799 | D        | Noticed a death drake
   803 | D        | Noticed a death drake
   803 | D        | Noticed a crystal guardian
   814 | D        | Engulfed by a death drake's foul pestilence

Illustrated notes

Levels and vault maps discovered:
D:        the_violet_keep_of_menkaure [sprint2_stairs_cluster_1,
          sprint2_shoproom, sprint2_temple, sprint2_basic_supplies,
          sprint2_obstacle_1, sprint2_obstacle_4, sprint2_obstacle_5,
          sprint2_obstacle_3, sprint2_obstacle_2, sprint2_timed_cluster_1,
          sprint2_smallroom_cluster_1, sprint2_smallroom_final_cluster_1,
          sprint2_transparent_cluster_1, sprint2_second_timed_cluster_1,
          sprint2_sniper_area_1, sprint2_heavy_combat_area_1,
          sprint2_mutation_trap_area_1, sprint2_forest_area_1,
          sprint2_light_combat_area_1, sprint2_behind_water_1,
          sprint2_near_end_vault_1]

Skill      XL: |  1  2  3  4  5  6  7  8  9 10 |
---------------+-------------------------------+-----
Dodging        | 3 8 10 11 12 13 14 | 14.2
Spellcasting   | 3 7 9 10 11 12 13 | 13.1
Hexes          | 4 8 10 11 13 | 13.3
Short Blades   | 2 6 8 9 10 11 | 11.9
Stealth        | 5 10 12 13 14 16 | 16.9

Action                   |  1- 3 |  4- 6 |  7- 9 | 10-12 || total
-------------------------+-------+-------+-------+-------++-------
Melee: Dagger            |    19 |     9 |    18 |     5 ||    51
 Cast: Confusing Touch   |       |       |     3 |       ||     3
       Ensorcelled Hiber |       |       |     9 |     4 ||    13
Invok: Shadow Step       |       |       |       |     1 ||     1
  Use: Potion            |     2 |       |     1 |     1 ||     4
       Scroll            |       |       |       |     1 ||     1
 Stab: Sleeping          |     3 |     1 |     9 |     3 ||    16
       Invisible         |     3 |     2 |       |       ||     5
       Confused          |       |       |     4 |       ||     4
Dodge: Dodged            |     3 |     2 |    19 |     4 ||    28
